 Dungeon Crawl Stone Soup version 0.17.1-3-g152610e (webtiles) character file.

807 kaze the Ducker (level 7, 0/68 HPs)
             Began as a Troll Berserker on Mar 7, 2016.
             Was a Priest of Trog.
             Slain by an orc priest
             ... wielding a +0 trident
              (3 damage)
             ... on level 6 of the Dungeon on Mar 8, 2016.
             The game lasted 00:09:32 (2526 turns).

kaze the Ducker (Troll Berserker)                   Turns: 2526, Time: 00:09:32

Health: 0/68       AC:  5    Str: 33    XL:     7   Next: 60%
Magic:  2/2        EV:  3    Int:  3    God:    Trog [***...]
Gold:   164        SH:  8    Dex:  9    Spells: 0 memorised, 6 levels left

rFire  . . .     SeeInvis .     b - +1 hand axe (antimagic)
rCold  . . .     Clarity  .     a - +0 animal skin
rNeg   + . .     SustAt   .     q - +0 shield
rPois  .         Gourm    +     s - +0 hat
rElec  .         Spirit   .     (no cloak)
rCorr  .         Warding  +     (gloves unavailable)
rMut   .         Stasis   .     (boots unavailable)
MR     .....                    e - amulet of warding
Stlth  +.........               (no ring)
                                r - +5 ring of strength

@: exhausted, slowed, very slow, not resistant to hostile enchantments, very
unstealthy
A: unfitting armour, claws 3, fast metabolism 3, gourmand, mutation resistance
1, regeneration 3, shaggy fur 1, tough skin 2
a: Berserk, Trog's Hand, Burn Spellbooks, Renounce Religion


You were on level 6 of the Dungeon.
You worshipped Trog.
Trog was most pleased with you.
You were not hungry.

You visited 1 branch of the dungeon, and saw 6 of its levels.

You collected 164 gold pieces.

Inventory:

Hand Weapons
 b - a +1 antimagic hand axe (weapon)
 o - a +0 war axe
Armour
 a - a +0 animal skin (worn)
 q - a +0 shield (worn)
 s - a +0 hat (worn)
Jewellery
 e - an amulet of warding (around neck)
 r - a +5 ring of strength (left claw)
Scrolls
 d - 4 scrolls of remove curse
 f - 4 scrolls of identify
 g - 2 scrolls of random uselessness {unknown}
 k - 2 scrolls of recharging {unknown}
 m - 2 scrolls of noise {unknown}
 t - a scroll of summoning {unknown}
 v - a scroll of enchant armour {unknown}
Potions
 c - a potion of might {unknown}
 i - a potion of lignification {unknown}
 j - 2 potions of curing {unknown}
 n - 2 potions of cure mutation {unknown}
 u - a potion of ambrosia {unknown}
Comestibles
 h - 2 beef jerkies
 l - 3 bread rations
 p - a meat ration


   Skills:
 + Level 3.8 Fighting
 + Level 2.0 Axes
 + Level 5.9 Dodging
 + Level 0.5 Stealth
 + Level 0.2 Shields
 + Level 3.9 Unarmed Combat


You had 6 spell levels left.
You didn't know any spells.

Dungeon Overview and Level Annotations

Branches:
Dungeon (6/15)
 Temple: D:4-7

Altars:
Ashenzari
Trog
The Shining One

Shops:
D:6 }


Innate Abilities, Weirdness & Mutations

You are too large for most types of armour.
You have claws for hands.
Your metabolism is lightning-fast.
You like to eat raw meat.
You regenerate.
You are covered in fur (AC +1).
You have very tough skin (AC +2).
You are somewhat resistant to further mutation.


Message History

The orc priest miscasts a cantrip.
The wyvern zombie bites you!
* * * LOW HITPOINT WARNING * * *
You are no longer berserk.
You are exhausted.
You feel yourself slow down. The wyvern zombie closely misses you.
The wyvern zombie bites you but does no damage.
The orc wizard gestures wildly while chanting.
The orc wizard blinks!
There is a stone staircase leading up here.
The wyvern zombie bites you!
* * * LOW HITPOINT WARNING * * *
The orc priest hits you from afar with a trident.
* * * LOW HITPOINT WARNING * * *
You block the orc's attack.
The orc priest hits you but does no damage.
The wyvern zombie bites you but does no damage.
The orc priest hits you from afar with a trident.
You die...

##.... !.....#
#....# ......#
#....#####.......
##....#.∩..$......
#
#........##......
...#...o.#......o.
#.......oo.##†.#
#...@Zo.†§.#
#.......o.#####
#.........#
#.........#
..........#
###########


You could see 2 orc priests, an orc wizard, 2 orcs and a wyvern zombie.

Vanquished Creatures
  A sky beast (D:5)
  2 phantoms
  A giant frog (D:6)
  An orc priest (D:4)
  2 hounds
  A centaur skeleton (D:5)
  4 orc wizards (D:5)
  3 worker ants
  8 adders
  A shadow imp (D:6)
  An adder zombie (D:5)
  2 worms
  11 orcs
  3 giant cockroaches
  A hobgoblin (D:2)
  2 jackals (D:2)
  2 bats (D:1)
  A giant gecko skeleton (D:6)
  5 giant newts
  4 goblins
  6 kobolds
  2 quokkas
  10 rats
74 creatures vanquished.

Vanquished Creatures (others)
  An orc wizard (D:4)
  4 toadstools (D:1)
5 creatures vanquished.

Grand Total: 79 creatures vanquished

Notes
Turn   | Place    | Note
--------------------------------------------------------------
     0 | D:1      | kaze the Troll Berserker began the quest for the Orb.
     0 | D:1      | Reached XP level 1. HP: 22/22 MP: 0/0
   247 | D:1      | Found a glowing golden altar of the Shining One.
   349 | D:1      | Reached XP level 2. HP: 25/29 MP: 1/1
   756 | D:2      | Reached ** piety under Trog
   775 | D:2      | Reached XP level 3. HP: 36/36 MP: 2/2
   786 | D:2      | Found a shattered altar of Ashenzari.
  1111 | D:3      | Reached XP level 4. HP: 36/44 MP: 3/3
  1117 | D:3      | Noticed a moth of wrath
  1121 | D:3      | Found a bloodstained altar of Trog.
  1224 | D:4      | Reached XP level 5. HP: 44/53 MP: 4/4
  1229 | D:4      | Reached skill level 4 in Dodging
  1481 | D:4      | Reached *** piety under Trog
  1670 | D:4      | Noticed a phantom
  1686 | D:4      | Killed a phantom
  1686 | D:4      | Reached skill level 1 in Axes
  1686 | D:4      | Reached XP level 6. HP: 21/61 MP: 5/5
  1732 | D:5      | Entered Level 5 of the Dungeon
  1844 | D:5      | Reached skill level 5 in Dodging
  2162 | D:5      | Reached XP level 7. HP: 36/67 MP: 2/6
  2171 | D:5      | Gained mutation: You regenerate. [mutagenic meat]
  2173 | D:5      | Gained mutation: You are somewhat resistant to further mutation. [mutagenic meat]
  2498 | D:6      | Found Keejujug's Gadget Shop.
  2526 | D:6      | HP: 3/68 [orc priest/trident (6)]
  2526 | D:6      | Slain by an orc priest

Action                   |  1- 3 |  4- 6 |  7- 9 || total
-------------------------+-------+-------+-------++-------
Melee: Unarmed           |   118 |    12 |       ||   130
       War axe           |       |    94 |       ||    94
       Hand axe          |       |    16 |    58 ||    74
Invok: Trog's Hand       |       |     2 |     1 ||     3
       Berserk           |       |     2 |     2 ||     4
  Use: Scroll            |       |     4 |       ||     4
 Stab: Sleeping          |     1 |       |       ||     1
  Eat: Chunk             |     7 |    10 |     4 ||    21
       Bread ration      |     2 |       |       ||     2
